 Dungeon Crawl Stone Soup version 0.18.1-1-g2f07953 (webtiles) character file.

65 Aizer the Covered (level 3, -1/33 HPs)
             Began as a Minotaur Fighter on Oct 2, 2016.
             Succumbed to an adder's poison
             ... on level 2 of the Dungeon.
             The game lasted 00:19:04 (1842 turns).

Aizer the Covered (Minotaur Fighter)                Turns: 1842, Time: 00:19:04

Health: -1/33      AC:  7    Str: 21    XL:     3   Next: 92%
Magic:  2/2        EV:  8    Int:  5    God:
Gold:   89         SH:  9    Dex:  9    Spells: 0 memorised, 2 levels left

rFire  . . .     SeeInvis .     t - +1 short sword (elec)
rCold  . . .     Gourm    .     o - -2 ring mail (curse)
rNeg   . . .     Faith    .     c - +0 shield
rPois  .         Spirit   .     (helmet restricted)
rElec  .         Dismiss  .     g - +2 cloak
rCorr  .         Reflect  .     (no gloves)
SustAt +         Harm     .     (no boots)
MR     .....                    (no amulet)
Stlth  ..........               (no ring)
                                n - ring of sustain attributes

@: lethally poisoned (-1 -> -17), not resistant to hostile enchantments,
extremely unstealthy
A: retaliatory headbutt, horns 2
a: no special abilities


You were on level 2 of the Dungeon.
You were not hungry.

You visited 1 branch of the dungeon, and saw 2 of its levels.

You collected 89 gold pieces.

Inventory:

Hand Weapons
 a - a +0 trident
 t - a +1 short sword of electrocution (weapon)
Missiles
 e - 25 sling bullets
 h - 163 stones (quivered)
 k - 12 bolts
Armour
 b - a +0 scale mail
 c - a +0 shield (worn)
 g - a +2 cloak (worn)
 l - a +0 animal skin
 o - a cursed -2 ring mail (worn)
 q - a +0 helmet
 s - a +0 ring mail
Jewellery
 n - a ring of sustain attributes (left hand)
Scrolls
 p - a scroll of magic mapping
Potions
 d - a potion of might
Comestibles
 f - 3 bread rations
 j - 3 fruits
 m - a chunk of flesh


   Skills:
 + Level 3.9 Fighting
 * Level 0.0 Short Blades
 * Level 3.2 Polearms
 * Level 4.6 Armour
 + Level 0.9 Dodging
 * Level 4.1 Shields


You had 2 spell levels left.
You didn't know any spells.

Dungeon Overview and Level Annotations

Branches:
Dungeon (2/15)

Altars:
Dithmenos
Kikubaaqudgha
Ru


Innate Abilities, Weirdness & Mutations

You reflexively headbutt those who attack you in melee.
You have a pair of horns on your head.


Message History

* * * LOW HITPOINT WARNING * * *
You are lethally poisoned!
The adder poisons you! The adder bites you.
* * * LOW HITPOINT WARNING * * *
You are more poisoned.
The adder poisons you! You block the kobold's attack.
Unknown command.
You hit the kobold but do no damage.
* * * LOW HITPOINT WARNING * * *
You feel sick. You block the adder's attack. You block the kobold's attack.
The adder bites you but does no damage.
You hit the kobold.
You kill the kobold!
* * * LOW HITPOINT WARNING * * *
You feel sick. The adder bites you.
* * * LOW HITPOINT WARNING * * *
You are more poisoned.
The adder poisons you!
You closely miss the adder.
You die... g.g. #..... #.#.# ..... .ggg #.....##.#.##..... .... .................. .ggg

!................ ....
...............# #### #######
>..............# #.....#
...............#
#.....##.......)@S..#
#...................#
#..............)....##
.......)..)#####.#...#
...........# #.#.#.##
...........# #.#.#..####
...........#####+#.......##+###
.......................#.......
.......................#.......


You could see an adder.

Vanquished Creatures
  Robin (D:2)
  An adder (D:2)
  An ooze (D:2)
  A dart slug (D:2)
  A giant gecko (D:2)
  2 giant cockroaches (D:1)
  10 goblins
  7 hobgoblins
  2 kobolds
  A ball python (D:2)
  2 bats
  2 giant newts (D:2)
  3 rats
34 creatures vanquished.

Vanquished Creatures (others)
  A human (D:2)
1 creature vanquished.

Grand Total: 35 creatures vanquished

Notes
Turn   | Place    | Note
--------------------------------------------------------------
     0 | D:1      | Aizer the Minotaur Fighter began the quest for the Orb.
     0 | D:1      | Reached XP level 1. HP: 19/19 MP: 0/0
   371 | D:1      | Reached XP level 2. HP: 27/27 MP: 1/1
  1117 | D:2      | Found a sacrificial altar of Ru.
  1276 | D:2      | Reached XP level 3. HP: 33/33 MP: 2/2
  1341 | D:2      | Found an ancient bone altar of Kikubaaqudgha.
  1347 | D:2      | Noticed a human
  1348 | D:2      | Killed a human
  1518 | D:2      | Found a shadowy altar of Dithmenos.
  1655 | D:2      | Noticed Robin
  1722 | D:2      | Killed Robin
  1841 | D:2      | HP: 1/33 [adder (3)]
  1842 | D:2      | Succumbed to an adder's poison

Skill      XL: |  1  2  3 |
---------------+----------+-----
Armour         | 4 |  4.6
Shields        | 4 |  4.1
Polearms       | 3 |  3.2
Fighting       | |  3.9
Dodging        | |  0.9

Action                   || total
-------------------------++-------
Melee: Trident           ||    73
       Headbutt          ||     6
       Short sword       ||     8
  Use: Scroll            ||     7
       Potion            ||     1
  Eat: Chunk             ||     3
Armor: Scale mail        ||    13
       Ring mail         ||    33
Dodge: Dodged            ||    29
Block: Shield            ||    49
